| TOP OF THE 1ST |
|
Cedar Rapids Kernels batting - Pitching for Clinton LumberKings : RHP Trevor Jacobsen
|
|
Pitching: RHP Trevor Jacobsen
|
|
|
Batting: LHB Jim Pankratz
|
0-0: Called Strike 0-1: Foul Ball, location: 2F 0-2: Ball 1-2: Ball 2-2: Ball 3-2: DOUBLE (Flyball, 78XD, EV 92.5 MPH)
|
|
Batting: SHB Shohei Fujii
|
0-0: Ball 1-0: Fly out, F5 (Popup, 56S, EV 72.5 MPH)
|
|
Batting: RHB J.J. Powers
|
0-0: Ball 1-0: Called Strike 1-1: DOUBLE (Flyball, 89XD, EV 98.1 MPH) Jim Pankratz scores
|
|
Batting: RHB Matt Dunn
|
0-0: Ball 1-0: Ball 2-0: Called Strike 2-1: Ball 3-1: Foul Ball, location: 2F 3-2: Foul Ball, location: 2F 3-2: Strikes out looking
|
|
Batting: LHB Israel Montoya
|
0-0: Ball 1-0: Called Strike 1-1: Swinging Strike 1-2: Ball 2-2: Ball 3-2: Foul Ball, location: 2F 3-2: Foul Ball, location: 2F 3-2: DOUBLE (Flyball, 5D, EV 94.4 MPH) J.J. Powers scores
|
|
Batting: RHB Mike Craver
|
0-0: Called Strike 0-1: Foul Ball, location: 2F 0-2: Ball 1-2: Ball 2-2: Ball 3-2: Strikes out swinging
|
| Top of the 1st over - 2 runs, 3 hits, 0 errors, 1 left on base; Cedar Rapids 2 - Clinton 0 |
| BOTTOM OF THE 1ST |
|
Clinton LumberKings batting - Pitching for Cedar Rapids Kernels : RHP Matthew Lange
|
|
Pitching: RHP Matthew Lange
|
|
|
Batting: RHB Kikuo Sato
|
0-0: Called Strike 0-1: Ball 1-1: Foul Ball, location: 2F 1-2: Hit by Pitch
|
|
Batting: RHB Rick Ellis
|
0-0: Ball Kikuo Sato steals 2nd base (no throw) 1-0: Ball 2-0: Called Strike 2-1: Swinging Strike 2-2: 2-RUN HOME RUN (Flyball, 78XD, EV 114.4 MPH), Distance : 428 ft
|
|
Batting: RHB Josh Ruhl
|
0-0: Ball 1-0: Foul Ball, location: 2F 1-1: Ground out 1-3 (Groundball, 13S, EV 61.9 MPH)
|
|
Batting: LHB Jason Hopkins
|
0-0: Called Strike 0-1: Foul Ball, location: 2F 0-2: Ball 1-2: Foul Ball, location: 2F 1-2: Ball 2-2: Strikes out swinging
|
|
Batting: RHB Joe Stading
|
0-0: Ground out 4-3 (Groundball, 4, EV 81.9 MPH)
|
| Bottom of the 1st over - 2 runs, 1 hit, 0 errors, 0 left on base; Cedar Rapids 2 - Clinton 2 |
| TOP OF THE 2ND |
|
Cedar Rapids Kernels batting - Pitching for Clinton LumberKings : RHP Trevor Jacobsen
|
|
Batting: LHB Mike Handrahan
|
0-0: Called Strike 0-1: Hit by Pitch
|
|
Batting: SHB Duri Chilemba
|
0-0: Ball 1-0: Called Strike 1-1: Called Strike 1-2: Ball 2-2: Strikes out looking
|
|
Batting: RHB Orlando Blanco
|
0-0: Called Strike 0-1: Ball 1-1: Ball 2-1: Foul Ball, location: 2F 2-2: Strikes out swinging
|
|
Batting: LHB Jim Pankratz
|
0-0: Ball 1-0: Swinging Strike 1-1: Foul Ball, location: 2F 1-2: Foul Ball, location: 2F 1-2: Strikes out swinging
|
| Top of the 2nd over - 0 runs, 0 hits, 0 errors, 1 left on base; Cedar Rapids 2 - Clinton 2 |
| BOTTOM OF THE 2ND |
|
Clinton LumberKings batting - Pitching for Cedar Rapids Kernels : RHP Matthew Lange
|
|
Batting: SHB Jose Castillo
|
0-0: Called Strike 0-1: Bunted foul 0-2: Strikes out looking
|
|
Batting: LHB Leão Alvide
|
0-0: Swinging Strike 0-1: Ball 1-1: Ball 2-1: DOUBLE (Line Drive, 7LM, EV 109.4 MPH)
|
|
Batting: LHB Brian Butler
|
0-0: Ball 1-0: Ball 2-0: Ball 3-0: Called Strike 3-1: Foul Ball, location: 2F 3-2: Base on Balls
|
|
Batting: SHB Victor Rijos
|
0-0: Called Strike 0-1: Grounds into double play, 4-6-3 (Groundball, 4, EV 86.9 MPH)
|
| Bottom of the 2nd over - 0 runs, 1 hit, 0 errors, 1 left on base; Cedar Rapids 2 - Clinton 2 |
| TOP OF THE 3RD |
|
Cedar Rapids Kernels batting - Pitching for Clinton LumberKings : RHP Trevor Jacobsen
|
|
Batting: SHB Shohei Fujii
|
0-0: Ball 1-0: Called Strike 1-1: Swinging Strike 1-2: Ball 2-2: Foul Ball, location: 2F 2-2: Strikes out swinging
|
|
Batting: RHB J.J. Powers
|
0-0: Ball 1-0: Foul Ball, location: 2F 1-1: Foul Ball, location: 2F 1-2: Foul Ball, location: 2F 1-2: Ball 2-2: Ball 3-2: Foul Ball, location: 2F 3-2: SINGLE (Groundball, 56D, EV 103.8 MPH)
|
|
Batting: RHB Matt Dunn
|
0-0: Ball J.J. Powers steals 2nd, throwing error, E2 J.J. Powers to third 1-0: Swinging Strike 1-1: Called Strike 1-2: Strikes out swinging
|
|
Batting: LHB Israel Montoya
|
0-0: SINGLE (Groundball, 34D, EV 108.1 MPH) J.J. Powers scores
|
|
Batting: RHB Mike Craver
|
0-0: Called Strike 0-1: Called Strike 0-2: SINGLE (Groundball, 56D, EV 96.9 MPH) Israel Montoya to second Israel Montoya to third
|
|
Batting: LHB Mike Handrahan
|
0-0: Ball 1-0: Swinging Strike 1-1: Swinging Strike 1-2: Fly out, F9 (Line Drive, 9, EV 90.6 MPH)
|
| Top of the 3rd over - 1 run, 3 hits, 1 error, 2 left on base; Cedar Rapids 3 - Clinton 2 |
| BOTTOM OF THE 3RD |
|
Clinton LumberKings batting - Pitching for Cedar Rapids Kernels : RHP Matthew Lange
|
|
Batting: RHB Kikuo Sato
|
0-0: Ball 1-0: Foul Ball, location: 2F 1-1: Swinging Strike 1-2: Foul Ball, location: 2F 1-2: Ball 2-2: Foul Ball, location: 2F 2-2: Ball 3-2: Strikes out looking
|
|
Batting: RHB Rick Ellis
|
0-0: Foul Ball, location: 2F 0-1: Ground out 4-3 (Groundball, 34D, EV 84.4 MPH)
|
|
Batting: RHB Josh Ruhl
|
0-0: Called Strike 0-1: Ball 1-1: Ball 2-1: Called Strike 2-2: Foul Ball, location: 2F 2-2: Ball 3-2: Ground out 5-3 (Groundball, 56S, EV 67.5 MPH)
|
| Bottom of the 3rd over - 0 runs, 0 hits, 0 errors, 0 left on base; Cedar Rapids 3 - Clinton 2 |
| TOP OF THE 4TH |
|
Cedar Rapids Kernels batting - Pitching for Clinton LumberKings : RHP Trevor Jacobsen
|
|
Batting: SHB Duri Chilemba
|
0-0: Ball 1-0: DOUBLE (Line Drive, 9LS, EV 102.5 MPH)
|
|
Batting: RHB Orlando Blanco
|
0-0: Called Strike 0-1: Foul Ball, location: 2F 0-2: Strikes out swinging
|
|
Batting: LHB Jim Pankratz
|
0-0: Ground out 3-1 (Groundball, 13, EV 88.8 MPH) Duri Chilemba to third
|
|
Batting: SHB Shohei Fujii
|
0-0: Foul Ball, location: 2F 0-1: Ball 1-1: Ball 2-1: Called Strike 2-2: Fly out, F7 (Flyball, 7LS, EV 80.6 MPH)
|
| Top of the 4th over - 0 runs, 1 hit, 0 errors, 1 left on base; Cedar Rapids 3 - Clinton 2 |
| BOTTOM OF THE 4TH |
|
Clinton LumberKings batting - Pitching for Cedar Rapids Kernels : RHP Matthew Lange
|
|
Batting: LHB Jason Hopkins
|
0-0: Called Strike 0-1: Ball 1-1: Swinging Strike 1-2: Ball 2-2: Foul Ball, location: 2F 2-2: Foul Ball, location: 2F 2-2: Ball 3-2: Foul Ball, location: 2F 3-2: Base on Balls
|
|
Batting: RHB Joe Stading
|
0-0: Ball 1-0: Called Strike 1-1: Ball 2-1: Foul Ball, location: 2F 2-2: Foul Ball, location: 2F 2-2: Fielders Choice at 2nd, 1-6 (Groundball, 13S, EV 74.4 MPH)
|
|
Batting: SHB Jose Castillo
|
0-0: Called Strike 0-1: Ball 1-1: Foul Ball, location: 2F 1-2: Ball 2-2: Ball 3-2: Base on Balls Joe Stading to second
|
|
Batting: LHB Leão Alvide
|
0-0: DOUBLE (Line Drive, 89XD, EV 110.6 MPH) Joe Stading scores Jose Castillo to third
|
|
Batting: LHB Brian Butler
|
0-0: Ball 1-0: Ball 2-0: Called Strike 2-1: SINGLE (Line Drive, 7S, EV 103.8 MPH) Jose Castillo scores Leão Alvide to third
|
|
Batting: SHB Victor Rijos
|
0-0: Called Strike Brian Butler steals 2nd base 0-1: Swinging Strike 0-2: Ball 1-2: Strikes out swinging
|
|
Batting: RHB Kikuo Sato
|
0-0: Ball 1-0: Called Strike 1-1: Hit by Pitch
|
|
Batting: RHB Rick Ellis
|
0-0: Ball 1-0: Called Strike 1-1: Called Strike 1-2: Ball 2-2: Strikes out swinging
|
| Bottom of the 4th over - 2 runs, 2 hits, 0 errors, 3 left on base; Cedar Rapids 3 - Clinton 4 |
| TOP OF THE 5TH |
|
Cedar Rapids Kernels batting - Pitching for Clinton LumberKings : RHP Trevor Jacobsen
|
|
Pitching: LHP Justin Neikirk
|
|
|
Batting: RHB J.J. Powers
|
0-0: Called Strike 0-1: Ball 1-1: Foul Ball, location: 2F 1-2: Ball 2-2: Ground out 6-3 (Groundball, 6, EV 96.9 MPH)
|
|
Batting: RHB Matt Dunn
|
0-0: Called Strike 0-1: Foul Ball, location: 2F 0-2: Strikes out swinging, 2-3 out at first.
|
|
Batting: LHB Israel Montoya
|
0-0: Ball 1-0: Ball 2-0: Called Strike 2-1: Swinging Strike 2-2: Ball 3-2: Foul Ball, location: 2F 3-2: Strikes out swinging
|
| Top of the 5th over - 0 runs, 0 hits, 0 errors, 0 left on base; Cedar Rapids 3 - Clinton 4 |
| BOTTOM OF THE 5TH |
|
Clinton LumberKings batting - Pitching for Cedar Rapids Kernels : RHP Matthew Lange
|
|
Pitching: RHP Edwin Sanchez
|
|
|
Batting: RHB Josh Ruhl
|
0-0: Ball 1-0: Ball 2-0: Ball 3-0: Called Strike 3-1: Base on Balls
|
|
Batting: LHB Jason Hopkins
|
0-0: Fly out, F9 (Flyball, 9S, EV 95.6 MPH)
|
|
Batting: RHB Joe Stading
|
0-0: Fly out, F4 (Popup, 34, EV 74.4 MPH)
|
|
Batting: SHB Jose Castillo
|
0-0: Ball Josh Ruhl is caught stealing 2nd base 2-6
|
| Bottom of the 5th over - 0 runs, 0 hits, 0 errors, 0 left on base; Cedar Rapids 3 - Clinton 4 |
| TOP OF THE 6TH |
|
Cedar Rapids Kernels batting - Pitching for Clinton LumberKings : LHP Justin Neikirk
|
|
Batting: RHB Mike Craver
|
0-0: Swinging Strike 0-1: Fly out, F2 (Popup, 23F, EV 83.1 MPH)
|
|
Batting: LHB Mike Handrahan
|
0-0: Called Strike 0-1: Foul Ball, location: 2F 0-2: Ball 1-2: Strikes out swinging
|
|
Batting: SHB Duri Chilemba
|
0-0: Foul Ball, location: 2F 0-1: Foul Ball, location: 2F 0-2: Ball 1-2: Ball 2-2: Strikes out swinging
|
| Top of the 6th over - 0 runs, 0 hits, 0 errors, 0 left on base; Cedar Rapids 3 - Clinton 4 |
| BOTTOM OF THE 6TH |
|
Clinton LumberKings batting - Pitching for Cedar Rapids Kernels : RHP Edwin Sanchez
|
|
Batting: SHB Jose Castillo
|
0-0: Ball 1-0: Ground out 5-3 (Groundball, 6S, EV 83.8 MPH)
|
|
Batting: LHB Leão Alvide
|
0-0: Ball 1-0: DOUBLE (Groundball, 3L, EV 97.5 MPH)
|
|
Batting: LHB Brian Butler
|
0-0: Intentional Walk
|
|
Batting: SHB Victor Rijos
|
0-0: Ball 1-0: Ball 2-0: Ball 3-0: Base on Balls Leão Alvide to third Brian Butler to second
|
|
Batting: RHB Kikuo Sato
|
0-0: Ball 1-0: Foul Ball, location: 2F 1-1: Foul Ball, location: 2F 1-2: Foul Ball, location: 2F 1-2: Ball 2-2: Strikes out swinging
|
|
Batting: RHB Rick Ellis
|
0-0: Ball 1-0: Ball 2-0: Foul Ball, location: 2F 2-1: Ball 3-1: Ground out 6-3 (Groundball, 56, EV 101.9 MPH)
|
| Bottom of the 6th over - 0 runs, 1 hit, 0 errors, 3 left on base; Cedar Rapids 3 - Clinton 4 |
| TOP OF THE 7TH |
|
Cedar Rapids Kernels batting - Pitching for Clinton LumberKings : LHP Justin Neikirk
|
|
Pitching: RHP David Lane
|
|
|
Pinch Hitting: LHB Christiaan Smits
|
0-0: Ground out 6-3 (Groundball, 56, EV 83.1 MPH)
|
|
Batting: LHB Jim Pankratz
|
0-0: Called Strike 0-1: Foul Ball, location: 2F 0-2: Foul Ball, location: 2F 0-2: Foul Ball, location: 2F 0-2: SINGLE (Line Drive, 5D, EV 94.4 MPH)
|
|
Batting: SHB Shohei Fujii
|
0-0: Called Strike Jim Pankratz steals 2nd base 0-1: Called Strike 0-2: Fly out, F6 (Flyball, 56D, EV 86.9 MPH)
|
|
Batting: RHB J.J. Powers
|
0-0: Ball 1-0: Called Strike 1-1: Foul Ball, location: 2F 1-2: Ball 2-2: Ball 3-2: Base on Balls
|
|
Batting: RHB Matt Dunn
|
0-0: Foul Ball, location: 2F 0-1: Ball 1-1: SINGLE (Groundball, P, EV 83.8 MPH) (infield hit) Jim Pankratz to third J.J. Powers to second
|
|
Batting: LHB Israel Montoya
|
0-0: Called Strike 0-1: Ball 1-1: Called Strike 1-2: Ball 2-2: Strikes out looking
|
| Top of the 7th over - 0 runs, 2 hits, 0 errors, 3 left on base; Cedar Rapids 3 - Clinton 4 |
| BOTTOM OF THE 7TH |
|
Clinton LumberKings batting - Pitching for Cedar Rapids Kernels : RHP Edwin Sanchez
|
|
Pitching: RHP Andy Symons
|
|
|
Now at 3B: Christiaan Smits
|
|
|
Batting: RHB Josh Ruhl
|
0-0: Called Strike 0-1: Foul Ball, location: 2F 0-2: Strikes out swinging
|
|
Batting: LHB Jason Hopkins
|
0-0: Fly out, F7 (Flyball, 8LS, EV 92.5 MPH)
|
|
Batting: RHB Joe Stading
|
0-0: Foul Ball, location: 2F 0-1: Foul Ball, location: 2F 0-2: SINGLE (Line Drive, 4MD, EV 97.5 MPH)
|
|
Batting: SHB Jose Castillo
|
0-0: Foul Ball, location: 2F 0-1: Foul Ball, location: 2F 0-2: Ball 1-2: Ball 2-2: TRIPLE (Flyball, 78XD, EV 98.1 MPH) Joe Stading scores
|
|
Batting: LHB Leão Alvide
|
0-0: Ground out 4-3 (Groundball, 4, EV 81.9 MPH)
|
| Bottom of the 7th over - 1 run, 2 hits, 0 errors, 1 left on base; Cedar Rapids 3 - Clinton 5 |
| TOP OF THE 8TH |
|
Cedar Rapids Kernels batting - Pitching for Clinton LumberKings : RHP David Lane
|
|
Pitching: LHP Rentaro Minami
|
|
|
Batting: RHB Mike Craver
|
0-0: Ball 1-0: Called Strike 1-1: Foul Ball, location: 2F 1-2: Ball 2-2: Foul Ball, location: 2F 2-2: Foul Ball, location: 2F 2-2: Foul Ball, location: 2F 2-2: Strikes out swinging
|
|
Batting: RHB Jon Avila
|
0-0: Ball 1-0: Called Strike 1-1: Fly out, F8 (Flyball, 8LM, EV 85.0 MPH)
|
|
Batting: SHB Duri Chilemba
|
0-0: Foul Ball, location: 2F 0-1: Fly out, F5 (Popup, 5SF, EV 77.5 MPH)
|
| Top of the 8th over - 0 runs, 0 hits, 0 errors, 0 left on base; Cedar Rapids 3 - Clinton 5 |
| BOTTOM OF THE 8TH |
|
Clinton LumberKings batting - Pitching for Cedar Rapids Kernels : RHP Andy Symons
|
|
Pitching: RHP Toshiyuki Kawashima
|
|
|
Batting: LHB Brian Butler
|
0-0: Ball 1-0: Called Strike 1-1: Swinging Strike 1-2: Ball 2-2: Foul Ball, location: 2F 2-2: Strikes out swinging
|
|
Batting: SHB Victor Rijos
|
0-0: Swinging Strike 0-1: Ball 1-1: Foul Ball, location: 2F 1-2: Strikes out swinging
|
|
Batting: RHB Kikuo Sato
|
0-0: Ball 1-0: Ball 2-0: Ground out 6-3 (Groundball, 6, EV 98.8 MPH)
|
| Bottom of the 8th over - 0 runs, 0 hits, 0 errors, 0 left on base; Cedar Rapids 3 - Clinton 5 |
| TOP OF THE 9TH |
|
Cedar Rapids Kernels batting - Pitching for Clinton LumberKings : LHP Rentaro Minami
|
|
Pitching: RHP Adam Fair
|
|
|
Batting: LHB Christiaan Smits
|
0-0: Called Strike 0-1: Ground out 4-3 (Groundball, 34, EV 84.4 MPH)
|
|
Batting: LHB Jim Pankratz
|
0-0: SINGLE (Groundball, 56D, EV 101.9 MPH)
|
|
Batting: SHB Shohei Fujii
|
0-0: Ball 1-0: Ball 2-0: Fly out, F7 (Flyball, 7S, EV 92.5 MPH)
|
|
Batting: RHB J.J. Powers
|
0-0: Swinging Strike 0-1: Swinging Strike 0-2: Ball 1-2: Ball 2-2: Ball 3-2: Strikes out swinging
|
| Top of the 9th over - 0 runs, 1 hit, 0 errors, 1 left on base; Cedar Rapids 3 - Clinton 5 |
|